 Dungeon Crawl Stone Soup version 0.18-a0-884-gb6cfd45 (webtiles) character file.

35 Jmtri7 the Cudgeler (level 3, 0/37 HPs)
             Began as an Ogre Skald on Dec 23, 2015.
             Slain by an adder (4 damage)
             ... on level 3 of the Dungeon.
             The game lasted 00:06:14 (1256 turns).

Jmtri7 the Cudgeler (Ogre Skald)                    Turns: 1256, Time: 00:06:14

Health: 0/37       AC:  3    Str: 18    XL:     3   Next: 33%
Magic:  3/7        EV:  5    Int: 11    God:
Gold:   35         SH:  0    Dex:  9    Spells: 2 memorised, 5 levels left

rFire  . . .     SeeInvis .     a - +0 mace
rCold  . . .     Gourm    .     g - +0 robe (curse)
rNeg   . . .     Faith    .     (no shield)
rPois  .         Spirit   .     (helmet restricted)
rElec  .         Dismiss  .     (no cloak)
rCorr  .         Reflect  .     (gloves unavailable)
SustAt .         Harm     .     (boots unavailable)
MR     .....                    (no amulet)
Stlth  +.........               (no ring)
                                (no ring)

@: lethally poisoned (0 -> -14), singing, not resistant to hostile enchantments,
very unstealthy
A: unfitting armour, tough skin 1
a: Stop Singing


You were on level 3 of the Dungeon.
You were not hungry.

You visited 1 branch of the dungeon, and saw 3 of its levels.

You collected 35 gold pieces.

Inventory:

Hand Weapons
 a - a +0 mace (weapon)
Missiles
 j - 16 poisoned needles
Armour
 e - a +0 robe
 g - a cursed +0 robe (worn)
 i - a +0 pair of gloves
Scrolls
 d - a scroll of identify {unknown}
 h - a scroll of remove curse {unknown}
Potions
 b - a potion of heal wounds {unknown}
 f - a potion of curing {unknown}
Books
 c - a book of Battle

   Spells                             Type                      Level
   a - Infusion                       Charms                       1
   b - Shroud of Golubria             Charms/Translocation         2
   c - Song of Slaying                Charms                       2
   d - Spectral Weapon                Hexes/Charms                 3
   e - Regeneration                   Charms/Necromancy            3


   Skills:
 + Level 3.0 Fighting
 + Level 3.2 Maces & Flails
 * Level 1.8 Dodging
 * Level 3.0 Spellcasting
 * Level 2.3 Charms


You had 5 spell levels left.
You knew the following spells:

 Your Spells              Type           Power        Failure   Level  Hunger
a - Infusion              Chrm           #.....       12%         1    #......
b - Song of Slaying       Chrm           #.......     17%         2    ###....


Dungeon Overview and Level Annotations

Branches:
Dungeon (3/15)

Altars:

Annotations:
D:3 Numknucks's ghost, novice OpWz


Innate Abilities, Weirdness & Mutations

You are too large for most types of armour.
You have tough skin (AC +1).


Message History

You feel sick. The kobold hits you. The adder bites you but does no damage.
You closely miss the kobold.
You are no longer magically infusing your attacks.
You feel sick. The adder barely misses you. The kobold hits you.
* * * LOW HITPOINT WARNING * * *
The adder bites you.
* * * LOW HITPOINT WARNING * * *
You are more poisoned.
The adder poisons you! The kobold hits you.
* * * LOW HITPOINT WARNING * * *
* * * LOW HITPOINT WARNING * * *
You feel sick.
Numknucks's ghost casts a spell.
Numknucks's ghost blinks!
The adder bites you but does no damage.
There is a stone staircase leading up here.
* * * LOW HITPOINT WARNING * * *
You feel sick. The adder bites you.
* * * LOW HITPOINT WARNING * * *
The adder bites you.
You die...

........+.......
........#........
.................
.................
.................
................
.§...(.......#
#....#.†)...#
#....'S@†...#
......#K.........
.....##..........
...........?.....
...##............
...#.............
.................
...........###.


You could see an adder and a kobold.

Vanquished Creatures
  A worm (D:3)
  A giant gecko (D:1)
  3 bats (D:1)
  2 giant cockroaches (D:1)
  3 goblins
  6 hobgoblins
  3 ball pythons
  A giant newt (D:1)
  5 kobolds (D:1)
  4 rats (D:1)
29 creatures vanquished.

Notes
Turn   | Place    | Note
--------------------------------------------------------------
     0 | D:1      | Jmtri7 the Ogre Skald began the quest for the Orb.
     0 | D:1      | Reached XP level 1. HP: 22/22 MP: 3/3
   381 | D:1      | Reached XP level 2. HP: 29/29 MP: 1/5
   481 | D:1      | Reached skill level 3 in Maces & Flails
   828 | D:1      | Learned a level 2 spell: Song of Slaying
   899 | D:1      | Reached XP level 3. HP: 16/36 MP: 0/7
  1095 | D:3      | Noticed Numknucks's ghost (novice OpWz)
  1256 | D:3      | Slain by an adder

Vault maps used:
D:1:      dpeg_arrival_tiny_b
D:2:      kiku_gazebo_garden_becter, dk_noncrumbling_3,
          okawaru_altar_gauntlet_db, uniq_robin
D:3:      vehumet_crystals, uniq_grinder

Action                   || total
-------------------------++-------
Melee: Mace              ||   103
 Cast: Infusion          ||    12
       Song of Slaying   ||     4
  Eat: Bread ration      ||     1
